AoeStats
← Agent Smith

Arabia

509818539Analyzed
2v2 RM · 5d ago on Sep 28, 2026· 13m 53s· 4 players
Game mode
Random Map
Map size
Medium (4 player)
Population
200
Speed
Normal
Resources
Standard
Victory
Conquest
Starting age
Dark Age
Ending age
Imperial Age
RankedLock teamsTeams togetherTeam positionsShared explorationLock speedFull tech treeHidden civsTurbo modeCheats
Victory
Defeat
🇻🇳 Armenians · Vietnam
1054
+16
🇻🇳 Celts · Vietnam
1047
+16
🇲🇽 Chinese · Mexico
1061
-17
🇷🇸 Franks · Serbia
1032
-15
DA Fantasmic 11
0:27 Loom
9:04 Feudal Age
10:11 Double-Bit Axe
ukisampion1
7:08 Loom
9:31 Feudal Age
Agent Smith
10:40 Feudal Age
9:55 Loom
11:25 Loom
11:33 Double-Bit Axe
11:24 Man-at-Arms
12:50 Long Swordsman
phamquangtho2015
10:29 Feudal Age
10:37 Man-at-Arms
11:07 Double-Bit Axe
11:05 Horse Collar
Connection lost

Rejoining the realm…

Still unreachable

The connection could not be restored.

Session expired

The server has moved on; the page needs a fresh start.